 Dungeon Crawl Stone Soup version 0.27-a0-1301-g128193abf8 (webtiles) character file.

Game seed: 3228246579292552406

302 Sobieck the Chopper (level 6, 0/52 HPs)
             Began as a Hill Orc Abyssal Knight on June 17, 2021.
             Was a Believer of Lugonu.
             Succumbed to Duvessa's poison
             ... on level 4 of the Dungeon.
             The game lasted 00:08:34 (4263 turns).

Sobieck the Chopper (Hill Orc Abyssal Knight)       Turns: 4263, Time: 00:08:35

Health: 0/52       AC: 12    Str: 17    XL:     6   Next: 37%
Magic:  10/10      EV: 18    Int: 18    God:    Lugonu [**....]
Gold:   152        SH:  0    Dex: 16    Spells: 5/5 levels left

rFire    . . .     SeeInvis +   (weapon currently unavailable)
rCold    . . .     Faith    .   (shield currently unavailable)
rNeg     + + +     Spirit   .   (armour currently unavailable)
rPois    +         Reflect  .   (helmet currently unavailable)
rElec    .         Harm     .   (cloak currently unavailable)
rCorr    .         Rampage  .   (gloves currently unavailable)
Will     .....                  (boots currently unavailable)
Stlth    ++........             y - amulet of magic regeneration {@e2}
HPRegen  0.17/turn              c - ring "Ekhez" {Int+6 Dex+6 SInv Stlth+}
MPRegen  0.37/turn              (no ring)

@: brilliant, lethally poisoned (0 -> -4), fungus-form (expiring), very slightly
contaminated, hasted, invisible, very quick
A: melee confuse, terrified, no casting, tiny
a: Renounce Religion, Depart the Abyss, Bend Space


You were on level 4 of the Dungeon.
You worshipped Lugonu.
Lugonu was pleased with you.
You were a sentient fungus.
You visited 1 branch of the dungeon, and saw 5 of its levels.
You visited the Abyss 1 time.

You collected 197 gold pieces.
You spent 45 gold pieces at shops.


   Skills:
 - Level 4.0 Fighting
 + Level 6.2 Axes
 - Level 2.1 Armour
 - Level 0.7 Dodging
 + Level 6.1 Invocations


You had 5 spell levels left.
You didn't know any spells.
Your spell library contained the following spells:

 Spells                   Type           Power      Damage    Failure   Level
 Summon Small Mammal      Summ           0%         N/A       22%         1
 Call Imp                 Summ           0%         N/A       32%         2
 Call Canine Familiar     Summ           0%         N/A       54%         3
 Summon Guardian Golem    Hex/Summ       0%         N/A       54%         3
 Summon Ice Beast         Ice/Summ       0%         N/A       91%         4
 Summon Lightning Spire   Summ/Air       0%         N/A       91%         4

Inventory:

Hand Weapons
 a - a +0 war axe {axe}
   (You found it on level 2 of the Dungeon)
 b - a +2 vorpal hunting sling (melded) {sling}
   (You found it on level 4 of the Dungeon)
 m - a +1 hand axe {axe}
 n - a +1 rapier of electrocution {short}
   (You found it on level 2 of the Dungeon)
 o - a +2 dagger of venom {short}
   (You took it off a kobold on level 4 of the Dungeon)
 s - a +0 mace {mace}
   (You found it on level 3 of the Dungeon)
Missiles
 f - 4 curare-tipped darts {=fthrowing}
 g - 22 poisoned darts {throwing}
 i - 49 stones (quivered) {throwing}
 j - 38 arrows
 k - 37 bolts
Armour
 l - a +0 plate armour (melded)
   (You found it on level 1 of the Dungeon)
 p - a +0 cloak (melded)
   (You bought it in a shop on level 2 of the Dungeon)
 r - a +2 helmet (melded)
   (You found it on level 2 of the Dungeon)
Jewellery
 c - the ring "Ekhez" (left hypha) {Int+6 Dex+6 SInv Stlth+}
   (You acquired it on level 2 of the Dungeon)

   [ring of intelligence]

   It affects your intelligence (+6).
   It affects your dexterity (+6).
   It lets you see invisible.
   It makes you more stealthy.
 y - an amulet of magic regeneration (around neck) {@e2}
   (You found it on level 4 of the Dungeon)
Scrolls
 e - a scroll of blinking {!r}
 h - a scroll of fog
 q - a scroll of holy word {unknown}
 u - a scroll of amnesia {unknown}
 w - a scroll of identify {@r1}
 x - a scroll of magic mapping {unknown}

Dungeon Overview and Level Annotations

Branches:
Dungeon (5/15)             Temple (0/1) D:4

Altars:
Fedhas
Trog

Shops:
D:1 *   D:2 [   D:3 !

Annotations:
D:4 Duvessa

###
.............# #
.............#
#...........#
#...........#
#..........#
#..........#
##..........#
#......!....#
#.#.fe......#
#'#######.?.#
♣♣♣♣♣♣.♣♣♣♣♣♣
...# #
♣...........♣ .##
## ♣.....#.....♣
.# .#
♣.....#.....♣ #
## ♣..#..#..#..♣
#
###♣..#..#..#..♣
#.'...###♣###...+


You could see Duvessa (strong).


Message History

A jackal comes into view.
You throw a stone {throwing}.
The stone {throwing} completely misses the jackal.
The jackal barks!
b - a +2 vorpal hunting sling (weapon)
{sling} You shoot a stone {throwing}.
The stone {throwing} hits the jackal.
You kill the jackal!
Lugonu accepts your kill.
No target in view!
i - 48 stones {throwing} (gained 1)
You now have 134 gold pieces (gained 10).
i - 49 stones {throwing} (gained 1)
You open the door.
There is an open door here.
You now have 152 gold pieces (gained 18).
Duvessa, Sister of Dowan comes into view.
She is wielding a +1 short sword of venom and carrying a wand of polymorph (3).
You see here a potion of curing {@q1}.
Duvessa zaps a wand.
You turn into a sentient fungus.
Your +2 vorpal hunting sling {sling} melds into your body.
Your +0 cloak melds into your body.
Your +2 helmet melds into your body.
Your +0 plate armour melds into your body.
You're too terrified to move while being watched!
Unknown command.
You're too terrified to move while being watched!
You're too terrified to move while being watched!
Duvessa zaps a wand.
You resist with some effort.
Okay, then.
Unknown command.
You can't wield anything in your present form.
Unknown command.
Duvessa is nearby!
Unknown command.
You're too terrified to move while being watched!
Unknown command.
You're too terrified to move while being watched!
Unknown command.
You're too terrified to move while being watched!
Unknown command.
You're too terrified to move while being watched!
Duvessa is nearby!
Duvessa drinks a potion.
Duvessa seems to grow stronger.
Unknown command.
Duvessa zaps a wand.
You resist with some effort.
The now-empty wand crumbles to dust.
Duvessa misses you.
Unknown command.
Duvessa barely misses you.
Unknown command.
Duvessa misses you.
Your transformation is almost over.
Duvessa hits you with a +1 short sword of venom! 😕 HP[-12]
You take 12 damage, and now have 40/52 hp.
MASSIVE DAMAGE!! (PAUSE) Duvessa barely misses you. 😕 HP[+1] Unknown command.
Okay, then.
Duvessa hits you with a +1 short sword of venom!
* * * LOW HITPOINT WARNING * * *
You are poisoned. 😨 HP[-17]
You take 17 damage, and now have 24/52 hp.
MASSIVE DAMAGE!! (PAUSE) It was a potion of brilliance.
You feel clever all of a sudden.
You feel very sick.
Duvessa hits you with a +1 short sword of venom!
* * * LOW HITPOINT WARNING * * *
😱 HP[-16]
You take 16 damage, and now have 8/52 hp.
MASSIVE DAMAGE!! (PAUSE)
You fade into invisibility!
* * * LOW HITPOINT WARNING * * *
You feel sick. Duvessa closely misses you.
You are very lightly contaminated with residual magic. 😱 HP[-2]
You take 2 damage, and now have 6/52 hp.
You feel yourself speed up.
* * * LOW HITPOINT WARNING * * *
You feel sick. Duvessa completely misses you. 😱 HP[-2]
You take 2 damage, and now have 4/52 hp.
* * * LOW HITPOINT WARNING * * *
You feel sick. Duvessa misses you. 😱 HP[-1]
You take 1 damage, and now have 3/52 hp.
Unknown command.
* * * LOW HITPOINT WARNING * * *
You feel sick.
Unknown command.
Duvessa hits you with a +1 short sword of venom.
* * * LOW HITPOINT WARNING * * *
😱 HP[-2]
You take 2 damage, and now have 1/52 hp.
Unknown command.
You die...

Skill      XL: |  1  2  3  4  5  6 |
---------------+-------------------+-----
Axes           | 3 4 5 6 |  6.2
Invocations    | 3 4 5 6 |  6.1
Fighting       | 4 |  4.0
Armour         | |  2.1
Dodging        | |  0.7

Action                   |  1- 3 |  4- 6 || total
-------------------------+-------+-------++-------
Melee: Hand axe          |    53 |       ||    53
       War axe           |    48 |    98 ||   146
 Fire: Hunting sling     |       |    20 ||    20
Throw: Stone             |       |     1 ||     1
Invok: Depart the Abyss  |     1 |       ||     1
  Use: Potion            |     1 |     4 ||     5
       Scroll            |       |     7 ||     7
Armor: Chain mail        |    32 |       ||    32
       Plate armour      |    46 |   109 ||   155
Dodge: Dodged            |    27 |    34 ||    61

Levels and vault maps discovered:
D:1:      heliophobic_arrival_ceremonial_halls, layout_basic, serial_shops,
          nicolae_shop_waterfront, chequers_ecumenical_altar_simple,
          minmay_pentomino_o4
D:2:      layout_basic, serial_shops, shop, basic_altar
D:3:      layout_basic, trog_three_pillars_becter, serial_shops,
          nicolae_shop_stone, minmay_misc_feat_x
D:4:      minmay_inner_zag, layout_cave_pods, minmay_temple_entry_sparse_star,
          grunt_decor_cap, kennysheep_generic_room_16, uniq_duvessa
D:5:      cheibrodos_barr_body, layout_loops_ring, enter_ossuary_5, uniq_edmund

Notes
Turn   | Place    | Note
-------+----------+-------------------------------------------
     0 | Abyss:1  | Sobieck the Hill Orc Abyssal Knight began the quest for the
                  | Orb.
     0 | Abyss:1  | Reached XP level 1. HP: 19/19 MP: 2/2
     0 | Abyss:1  | magus.rc [v1.9.6]
    45 | Abyss:1  | Noticed a golden eye
    73 | Abyss:1  | Noticed a large abomination
    81 | Abyss:1  | Noticed a smoke demon
    83 | D:1      | You pass through the gate.
    83 | D:1      | Escaped the Abyss
   144 | D:1      | Reached skill level 3 in Axes
   164 | D:1      | Reached XP level 2. HP: 13/27 MP: 4/4
   399 | D:1      | You pick up a book of Callings and begin reading...
   399 | D:1      | You add the spells Summon Small Mammal, Call Imp, Call
                  | Canine Familiar, Summon Guardian Golem, Summon Lightning
                  | Spire and Summon Ice Beast to your library.
   436 | D:1      | Reached skill level 3 in Invocations
   529 | D:1      | Found a faded altar of an unknown god.
   617 | D:1      | Reached * piety under Lugonu
   618 | D:1      | Reached skill level 4 in Fighting
   654 | D:1      | Found Curphu's Assorted Antiques.
  1406 | D:2      | Reached XP level 3. HP: 27/33 MP: 5/5
  1618 | D:2      | Found Pifeff's Armour Shoppe.
  1653 | D:2      | Bought a +0 cloak for 45 gold pieces
  1768 | D:2      | Found a blossoming altar of Fedhas.
  2040 | D:2      | Reached skill level 4 in Axes
  2151 | D:2      | Reached skill level 4 in Invocations
  2151 | D:2      | Reached XP level 4. HP: 37/40 MP: 5/7
  2319 | D:2      | Identified a scroll of acquirement
  2319 | D:2      | Acquired the ring "Ekhez" {Int+6 Dex+6 SInv Stlth+}
  2609 | D:5      | Entered Level 5 of the Dungeon
  2642 | D:3      | Found Ymotiph's Distillery.
  2964 | D:3      | Found a bloodstained altar of Trog.
  3472 | D:4      | Reached ** piety under Lugonu
  3482 | D:4      | Reached skill level 5 in Axes
  3482 | D:4      | Reached skill level 5 in Invocations
  3482 | D:4      | Reached XP level 5. HP: 46/46 MP: 8/8
  3528 | D:4      | Found a staircase to the Ecumenical Temple.
  3936 | D:4      | Reached skill level 6 in Axes
  3936 | D:4      | Reached XP level 6. HP: 42/52 MP: 10/10
  4057 | D:4      | Reached skill level 6 in Invocations
  4242 | D:4      | Noticed Duvessa
  4257 | D:4      | HP: 8/52 [Duvessa (13)]
  4260 | D:4      | HP: 3/52 [poisoned by Duvessa]
  4262 | D:4      | HP: 1/52 [Duvessa (2)]
  4263 | D:4      | Succumbed to Duvessa's poison

Vanquished Creatures
  A scorpion (D:4)
  A water moccasin zombie (D:4)
  A centaur skeleton (D:4)
  An orc wizard (D:4)
  A hound skeleton (D:4)
  3 adders
  An adder skeleton (D:4)
  2 worms (D:2)
  3 dart slugs
  An orc (D:4)
  4 ball pythons
  4 bats
  5 endoplasms
  2 giant cockroaches
  8 goblins
  8 hobgoblins
  10 jackals
  4 frilled lizards
  13 kobolds
  5 rats
78 creatures vanquished.

Table legend:
 A = Non-vault XP
 B = Vault XP
 C = Vault XP percentage of total XP
 D = Non-vault monster count
 E = Vault monster count
 F = Vault count percentage of total count
                 A         B        C        D         E       F
            +---------+---------+-------+---------+---------+-------
      Total |     290 |     142 |  32.9 |      68 |      10 |  12.8
            +---------+---------+-------+---------+---------+-------
        D:1 |      23 |       7 |  23.3 |      15 |       3 |  16.7
        D:2 |      49 |       0 |   0.0 |      19 |       0 |   0.0
        D:3 |      32 |       0 |   0.0 |      17 |       0 |   0.0
        D:4 |     186 |     135 |  42.1 |      17 |       7 |  29.2
            +---------+---------+-------+---------+---------+-------

Illustrated notes

Table legend:
 A = Kills in this place as a percentage of kills in entire the game.
 B = Kills by you in this place as a percentage of kills by you in the entire game.
 C = Kills by friends in this place as a percentage of kills by friends in the entire game.
 D = Other kills in this place as a percentage of other kills in the entire game.
 E = Experience gained in this place as a percentage of experience gained in the entire game.
 F = Experience gained in this place divided by the number of levels of this place that you have seen.
                   A       B       C       D       E      F
               +-------+-------+-------+-------+-------+----------------------
         Total | 100.0 | 100.0 |   N/A |   N/A | 100.0 |  72.0
       Dungeon | 100.0 | 100.0 |   N/A |   N/A | 100.0 |  86.4
               +-------+-------+-------+-------+-------+----------------------

Table legend: (Time is in decaauts)
 A = Elapsed time spent in this place.
 B = Non-inter-level travel time spent in this place.
 C = Inter-level travel time spent in this place.
 D = Time resting spent in this place.
 E = Time spent auto-exploring this place.
 F = Levels seen in this place.
 G = Mean time per level.
                   A        B        C        D        E       F      G
               +--------+--------+--------+--------+--------+-----+--------+
         Total |   4316 |   3994 |    322 |    222 |   3051 |   6 |  719.3 |
       Dungeon |   4233 |   3911 |    322 |    222 |   3051 |   5 |  846.6 |
         Abyss |     83 |     83 |      0 |      0 |      0 |   1 |   83.0 |
               +--------+--------+--------+--------+--------+-----+--------+

Top non-repeatable levels by time:
     D:2: 1220 daAuts
     D:1: 1109 daAuts
     D:4: 990 daAuts
     D:3: 906 daAuts
 Abyss:1: 83 daAuts
     D:5: 6 daAuts
